 Dungeon Crawl Stone Soup version 0.31-a0-37-g98a128e1d9 (webtiles) character file.

Game seed: 4281856887913209175

12446 halvedace the Zephyrmancer (level 11, -5/66 HPs) *EXPLORE*
             Began as a Pale Draconian Air Elementalist on May 12, 2023.
             Slain by a troll (8 damage)
             ... on level 2 of the Orcish Mines on May 15, 2023.
             The game lasted 00:53:58 (15745 turns).

halvedace the Zephyrmancer (DrAE)                  Turns: 15745, Time: 00:54:01

Health: -5/66      AC: 14    Str: -5 (8)  XL:     11   Next: 62%
Magic:  30/30      EV:  2    Int:  5 (17) God:
Gold:   1371       SH:  0    Dex: -11 (13)Spells: 21/24 levels left

rFire   . . .        h - +7 dagger of the Bouncing Mystics {freeze, rElec rPois}
rCold   . . .        (no shield)
rNeg    . . .        (body armour unavailable)
rPois   +            p - +2 hat
rElec   +            d - scarf {repulsion}
rCorr   .            x - +0 pair of gloves
SInv    .            (no boots)
Will    .....        r - amulet of the Air {Inacc Air Fly rElec RMsl} Stlth
                     w - ring of magical power
HPRegen 0.00/turn    A - +4 ring of protection
MPRegen 0.22/turn

%: random rage (3%), repel missiles
@: flying, inhibited regen, slowed, lost strength, lost dexterity, very slow
A: breathe steam, AC +7, unfitting armour, cold-blooded, steam resistance,
berserk 1, deterioration 1, dopey 1, frail 1, weak 1
a: Breathe Steam


You were on level 2 of the Orcish Mines.
You visited 3 branches of the dungeon, and saw 13 of its levels.
You also visited: Ossuary.

You collected 1371 gold pieces.

Inventory:

Hand Weapons
 h - the +7 dagger of the Bouncing Mystics (weapon) {freeze, rElec rPois}
   (You found it on level 2 of the Dungeon)

   rElec:     It insulates you from electricity.
   rPois:     It protects you from poison.
 v - a +4 dagger
Missiles
 y - 3 throwing nets
Armour
 d - a scarf of repulsion (worn)
 p - a +2 hat (worn)
 x - a +0 pair of gloves (worn)
Jewellery
 r - the amulet of the Air (around neck) {Inacc Air Fly rElec RMsl}
   (You found it on level 5 of the Dungeon)

   [amulet of nothing]

   Inacc:     It reduces the accuracy of your attacks and spells.
   Air:       It enhances your air magic.
   rElec:     It insulates you from electricity.
   Fly:       It grants you flight.
   RMsl:      It protects you from missiles.
 w - a ring of magical power (left hand)
 A - a +4 ring of protection (right hand)
 G - a +4 ring of protection
 H - a ring of poison resistance
Wands
 i - a wand of charming (29)
 q - a wand of polymorph (13)
 s - a wand of mindburst (13)
 u - a wand of iceblast (10)
 E - a wand of digging (8)
 F - a wand of flame (14)
Scrolls
 f - 5 scrolls of teleportation
 o - 2 scrolls of magic mapping
 t - a scroll of enchant armour
 z - a scroll of blinking
 D - 2 scrolls of fear
Potions
 a - 6 potions of magic
 b - a potion of brilliance
 c - 3 potions of degeneration
 e - 2 potions of heal wounds
 g - a potion of berserk rage
 j - 3 potions of attraction
 k - 2 potions of ambrosia
 l - 4 potions of curing
 m - 2 potions of lignification
 n - 2 potions of might
 C - 3 potions of mutation
 I - a potion of flight


   Skills:
 + Level 7.1 Dodging
 + Level 7.8 Stealth
 + Level 7.2 Spellcasting
 + Level 8.1 Conjurations
 * Level 12.3 Air Magic


You had 21 spell levels left.
You knew the following spells:

 Your Spells              Type           Power      Damage    Failure   Level
a - Shock                 Conj/Air       72%        1d7       1%          1
b - Static Discharge      Conj/Air       36%        2-4/arc   1%          2

Your spell library contained the following spells:

 Spells                   Type           Power      Damage    Failure   Level
 Magic Dart               Conj           36%        1d4       1%          1
 Swiftness                Air            21%        N/A       1%          3
 Airstrike                Air            10%        2d(2-18)  1%          4
 Poisonous Vapours        Pois/Air       22%        N/A       3%          2
 Mephitic Cloud           Conj/Pois/Air  12%        N/A       4%          3
 Dazzling Flash           Conj/Hex       10%        N/A       14%         3
 Stone Arrow              Conj/Erth      10%        3d7       14%         3
 Summon Lightning Spire   Summ/Air       11%        N/A       21%         4
 Sandblast                Erth           2%         2d4       26%         1
 Sting                    Tmut/Pois      4%         1d3       26%         1
 Call Imp                 Summ           2%         N/A       36%         2
 Passwall                 Tmut/Erth      0%         N/A       36%         2
 Iskenderun's Mystic Bla  Conj/Tloc      5%         2d3       43%         4
 Volatile Blastmotes      Fire/Tloc      2%         2d10      61%         3
 Olgreb's Toxic Radiance  Pois           1%         N/A       95%         4
 Starburst                Conj/Fire      2%         6d3       100%        6
 Storm Form               Tmut/Air       5%         N/A       100%        7
 Maxwell's Capacitive Co  Air            10%        ∞         100%        8


Dungeon Overview and Level Annotations

Branches:
Dungeon (10/15)            Temple (1/1) D:4             Orc (2/2) D:9
    Elf (0/3) Orc:2       Ossuary (visited)
   Lair: D:8-11

Altars:
Ashenzari
Cheibriados
Dithmenos
Elyvilon
Fedhas
Gozag
Hepliaklqana
Kikubaaqudgha
Makhleb
Nemelex Xobeh
Okawaru
Qazlal
Ru
Sif Muna
Trog
Uskayaw
Vehumet
Wu Jian
Xom
Yredelemnul
Zin
The Shining One


Innate Abilities, Weirdness & Mutations

You can breathe blasts of scalding, opaque steam.
Your pale cyan-grey scales are hard. (AC +7)
You cannot fit into any form of body armour.
You are cold-blooded and may be slowed by cold attacks.
You are immune to the effects of steam.
You sometimes lose your temper in combat.
Your body sometimes deteriorates upon taking damage.
You are dopey. (Int -2)
You are frail. (-10% HP)
You are weak. (Str -2)


Message History

You kill the orc wizard!
Things that are here:
a +0 dagger; a +0 robe You feel a strong urge to attack something.
You start resting.
You feel your anger nearly subside.
You are no longer berserk.
You are exhausted.
You feel yourself slow down.
You start resting.
You recover from your berserk rage.
You start resting.
HP restored.
You start waiting.
Done waiting.
Found a staircase to the Elven Halls.
A troll comes into view.
Found 3 gold pieces.
The troll bites you. The troll claws you.
The troll claws you but does no damage. The troll bites you!
Your body deteriorates!
You feel weakened. The troll claws you. The troll claws you!
The troll attacks as you move away! The troll bites you but does no damage.
The troll claws you but does no damage. The troll claws you!
The troll bites you!
Your body deteriorates!
You feel clumsy. The troll claws you!
* * * LOW HITPOINT WARNING * * *
The troll claws you but does no damage.
You hit the troll. You freeze the troll.
Your tail-slap misses the troll.
The troll is lightly wounded.
The troll bites you!
* * * LOW HITPOINT WARNING * * *
Your body deteriorates!
You feel clumsy. The troll claws you!
Die? [Y]es or [N]o only, please.
Die? [Y]es or [N]o only, please.
Die?
You die...

...............
...............
...............
...............
......>........
...............
...............
.......T.......
.......@.......
...............
.........$.....
...............
...............
...............
...............
...............


You could see a troll.

Vanquished Creatures
  An orc warlord (Orc:1)
  An orc high priest (Orc:1)
  Pikel (D:6)
  2 orc knights (Orc:1)
  A cyclops (Orc:1)
  A gargoyle (D:6)
  Maggie (D:7)
  A kobold demonologist (D:9)
  3 trolls
  Prince Ribbit (D:5)
  A wyvern (D:9)
  2 steam dragons (D:9)
  Edmund (D:6)
  An acid dragon (D:6)
  A warg (Orc:1)
  Duvessa (D:5)
  3 water moccasins
  2 ice beasts
  A black bear (D:6)
  18 orc warriors
  2 centaurs
  7 ogres
  A lemure (D:6)
  A kobold brigand (D:9)
  A bullfrog (D:8)
  7 gnoll sergeants
  Blork the orc (D:6)
  Dowan (D:5)
  12 wights (D:7)
  11 killer bees
  4 howler monkeys
  2 jellies
  8 hounds
  A sleepcap (D:6)
  3 gnoll boudas
  10 orc priests
  5 iguanas
  19 orc wizards
  2 mummies
  7 adders
  26 gnolls
  A white imp (D:8)
  3 ufetubi
  A worm (D:2)
  4 dart slugs
  68 orcs
  2 spectral bats (Ossuary)
  4 ball pythons
  7 bats
  4 bat simulacra (Ossuary)
  10 endoplasms
  4 giant cockroaches
  12 gnoll zombies (Ossuary)
  7 goblins
  10 hobgoblins
  4 jackals (D:8)
  6 quokkas
  6 frilled lizards
  4 goblin simulacra (Ossuary)
  8 goblin zombies
  6 hobgoblin zombies
  11 kobolds
  A kobold simulacrum (Ossuary)
  4 kobold zombies (Ossuary)
  2 orc zombies (Ossuary)
  3 rats
  4 rat simulacra (Ossuary)
  4 spectral goblins (Ossuary)
  5 spectral kobolds (Ossuary)
  A spectral rat (Ossuary)
  A spectral weapon (Orc:1)
382 creatures vanquished.

Vanquished Creatures (others)
  An orc warrior (Orc:1)
1 creature vanquished.

Grand Total: 383 creatures vanquished

Notes
Turn   | Place    | Note
-------+----------+-------------------------------------------
     0 | D:1      | halvedace the Draconian Air Elementalist began the quest
                  | for the Orb.
     0 | D:1      | Reached XP level 1. HP: 14/14 MP: 3/3
   309 | D:1      | Reached XP level 2. HP: 11/20 MP: 1/5
   309 | D:1      | Entered explore mode.
   943 | D:1      | Reached XP level 3. HP: 26/26 MP: 3/6
  1591 | D:2      | Reached XP level 4. HP: 33/33 MP: 0/7
  1689 | D:2      | Identified the +7 dagger of the Bouncing Mystics {freeze,
                  | rElec rPois}
  3249 | D:3      | Reached XP level 5. HP: 15/38 MP: 8/8
  3259 | D:3      | Reached skill level 4 in Air Magic
  3559 | D:4      | Found a sand-covered staircase.
  3566 | Ossuary  | Entered an ossuary
  4602 | D:4      | Reached XP level 6. HP: 45/45 MP: 8/10
  4861 | D:4      | Found a staircase to the Ecumenical Temple.
  4869 | Temple   | Entered the Ecumenical Temple
  5418 | D:5      | Entered Level 5 of the Dungeon
  5425 | D:5      | Noticed Duvessa
  5425 | D:5      | Noticed Dowan
  5437 | D:5      | Killed Dowan
  5442 | D:5      | Mangled by Duvessa
                  | ... wielding a +0 short sword
                  | (16 damage)
  5448 | D:5      | Mangled by Duvessa
                  | ... wielding a +0 short sword
                  | (16 damage)
  5454 | D:5      | HP: 2/45 [Duvessa/+0 short sword (10)]
  5458 | D:5      | Killed Duvessa
  5459 | D:5      | Your scales start taking on a pale cyan-grey colour.
  5459 | D:5      | Reached skill level 5 in Air Magic
  5459 | D:5      | Reached XP level 7. HP: 2/50 MP: 0/11
  5459 | D:5      | Gained mutation: You are immune to the effects of steam.
                  | [Pale Draconian growth]
  5723 | D:5      | Noticed Prince Ribbit
  5735 | D:5      | Killed from afar by an orc wizard (10 damage)
                  | ... with a puff of flame
  5753 | D:5      | Reached skill level 6 in Air Magic
  5758 | D:5      | HP: 2/50 [Prince Ribbit (1)]
  5758 | D:5      | Mangled by Prince Ribbit (12 damage)
  5771 | D:5      | Killed from afar by an orc wizard (9 damage)
                  | ... with a magic dart
  5791 | D:5      | Killed Prince Ribbit
  5792 | D:5      | Reached XP level 8. HP: 43/57 MP: 8/13
  5920 | D:5      | Found the amulet of the Air {Inacc Air Fly rElec RMsl}
  6314 | D:6      | HP: 2/57 [ice beast (8)]
  6316 | D:6      | Slain by an orc wizard
                  | ... wielding a +0 dagger
                  | (1 damage)
  6353 | D:6      | Reached skill level 7 in Air Magic
  6565 | D:6      | Noticed Edmund
  6586 | D:6      | Killed Edmund
  6714 | D:6      | Noticed a gargoyle
  6737 | D:6      | Killed from afar by a gargoyle (15 damage)
                  | ... with a stone arrow
  6742 | D:6      | Killed a gargoyle
  6743 | D:6      | Reached skill level 5 in Conjurations
  6795 | D:6      | Found a glowing golden altar of the Shining One.
  6817 | D:6      | Reached skill level 8 in Air Magic
  6880 | D:6      | Learned a level 2 spell: Static Discharge
  6885 | D:6      | Reached XP level 9. HP: 40/62 MP: 6/15
  7460 | D:6      | Noticed Blork the orc
  7473 | D:6      | Killed Blork the orc
  7474 | D:6      | Reached skill level 5 in Stealth
  7487 | D:6      | Noticed Pikel
  7506 | D:6      | HP: 1/62 [Pikel/+2 whip of flaming (5)]
  7506 | D:6      | Slain by Pikel
                  | ... wielding a +2 whip of flaming
                  | (1 damage)
  7513 | D:6      | Slain by a lemure (5 damage)
                  | ... led by Pikel
  7522 | D:6      | Killed Pikel
  7523 | D:6      | Reached skill level 5 in Spellcasting
  7825 | D:7      | Reached skill level 5 in Dodging
  8088 | D:7      | Reached skill level 9 in Air Magic
  8103 | D:7      | HP: 3/62 [wight/+0 scimitar (1)]
  8106 | D:7      | Slain by a wight
                  | ... wielding a +0 scimitar
                  | (9 damage)
  9111 | D:7      | Noticed Maggie
  9131 | D:7      | Mangled by Maggie
                  | ... wielding a +1 war axe of flaming
                  | (14 damage)
  9139 | D:7      | Killed Maggie
  9237 | D:8      | Reached XP level 10. HP: 67/69 MP: 18/18
  9496 | D:8      | HP: 2/69 [poisoned by a gnoll sergeant]
  9496 | D:8      | Slain by a gnoll sergeant
                  | ... wielding a +2 trident of venom
                  | (7 damage)
  9751 | D:8      | Reached skill level 10 in Air Magic
  9790 | D:8      | Found a hazy altar of Hepliaklqana.
 10237 | D:8      | HP: 2/69 [gnoll/+0 whip (3)]
 10239 | D:8      | Slain by a gnoll
                  | ... wielding a +0 spear
                  | (3 damage)
 10744 | D:8      | Identified a scroll of acquirement
 10744 | D:8      | Acquired a book of the Sky
 10887 | D:9      | Found a staircase to the Orcish Mines.
 10929 | D:9      | HP: 1/69 [gnoll sergeant/+0 spear (4)]
 10931 | D:9      | Mangled by a troll (11 damage)
 10975 | D:9      | HP: 1/69 [ogre/+0 giant club (19)]
 10977 | D:9      | Mangled by an ogre
                  | ... wielding a +0 giant club
                  | (11 damage)
 11234 | D:9      | Upgraded the game from 0.31-a0-18-gea43df2a32 to
                  | 0.31-a0-37-g98a128e1d9
 11326 | D:9      | Gained mutation: You sometimes lose your temper in combat.
                  | [a neqoxec]
 11328 | D:9      | Gained mutation: Your body sometimes deteriorates upon
                  | taking damage. [a neqoxec]
 11328 | D:9      | Gained mutation: Your spells are a little harder to cast,
                  | but a little more powerful. [a neqoxec]
 11331 | D:9      | Noticed a rust devil
 11334 | D:9      | Gained mutation: You are weak. (Str -2) [a neqoxec]
 11336 | D:9      | Gained mutation: You are frail. (-10% HP) [a neqoxec]
 11342 | D:9      | Mangled by a neqoxec (13 damage)
                  | ... summoned by a kobold demonologist
 11350 | D:9      | Gained mutation: You have hidden genetic defects. [a
                  | neqoxec]
 11358 | D:9      | HP: 3/62 [quasit[a kobold demonologist] (2)]
 11359 | D:9      | Slain by a quasit (3 damage)
                  | ... summoned by a kobold demonologist
 11493 | D:9      | Reached skill level 11 in Air Magic
 11906 | D:9      | Identified the +4 dagger of the Final Underlurkers {drain,
                  | rN+}
 12113 | D:9      | Gained mutation: You are dopey. (Int -2) [hidden defects]
 12141 | D:9      | Slain by a gnoll bouda
                  | ... wielding a +0 trident
                  | (8 damage)
 12297 | D:9      | Found an ornate altar of the Wu Jian Council.
 12373 | D:10     | Entered Level 10 of the Dungeon
 12396 | Orc:1    | Entered Level 1 of the Orcish Mines
 12402 | Orc:1    | Noticed an orc high priest
 12410 | Orc:1    | Reached XP level 11. HP: 11/66 MP: 20/20
 12410 | Orc:1    | Killed by divine providence
                  | ... invoked by an orc high priest
                  | (12 damage)
 12416 | Orc:1    | Slain by an orc warrior
                  | ... wielding a +0 long sword
                  | ... led by an orc high priest
                  | (6 damage)
 12425 | Orc:1    | HP: 2/66 [ynoxinul[an orc high priest] (5)]
 12426 | Orc:1    | Killed by their own static electricity (1 damage)
 12438 | Orc:1    | Killed from afar by a smoke demon (7 damage)
                  | ... with a ball of steam
                  | ... summoned by an orc high priest
 12447 | Orc:1    | Noticed a sixfirhy
 12447 | Orc:1    | Mangled by a sixfirhy (14 damage)
                  | ... summoned by an orc high priest
 12454 | Orc:1    | HP: 1/66 [rust devil[an orc high priest] (5)]
 12455 | Orc:1    | Slain by a sixfirhy (6 damage)
                  | ... summoned by an orc high priest
 12697 | Orc:1    | Killed from afar by a ynoxinul (38 damage)
                  | ... with an iron shot
                  | ... summoned by an orc high priest
 12708 | Orc:1    | Killed by divine providence
                  | ... invoked by an orc high priest
                  | (9 damage)
 12760 | Orc:1    | Killed an orc high priest
 12769 | Orc:1    | HP: 3/66 [poisoned by an orange demon]
 12775 | Orc:1    | Lost mutation: Your spells are a little harder to cast, but
                  | a little more powerful. [hidden defects]
 12775 | Orc:1    | Lost mutation: You have hidden genetic defects. [hidden
                  | defects expressed]
 13015 | Orc:1    | Found a transporter.
 13015 | Orc:1    | Noticed an orc knight
 13015 | Orc:1    | Noticed an orc knight
 13031 | Orc:1    | Found a transporter.
 13035 | Orc:1    | Found an ornate altar of the Wu Jian Council.
 13038 | Orc:1    | Found a transporter.
 13051 | Orc:1    | Slain by an orc warrior
                  | ... wielding a +0 broad axe
                  | (8 damage)
 13059 | Orc:1    | HP: 3/66 [/static electricity (1)]
 13059 | Orc:1    | Slain by a troll (4 damage)
 13070 | Orc:1    | Slain by an orc warrior
                  | ... wielding a +0 scimitar
                  | (6 damage)
 13878 | Orc:1    | Found a shimmering altar of Xom.
 13957 | Orc:1    | Found a transporter.
 14021 | Orc:1    | Noticed an orc warlord
 14098 | Orc:1    | HP: 1/66 [orc warrior/+4 long sword (13)]
 14098 | Orc:1    | Mangled by an orc warrior
                  | ... wielding a +6 falchion
                  | (8 damage)
 14406 | Orc:1    | Slain by an orc knight
                  | ... wielding a +4 great sword
                  | (6 damage)
 14410 | Orc:1    | Mangled by an orc knight
                  | ... wielding a +4 great sword
                  | (15 damage)
 14414 | Orc:1    | Annihilated by an orc knight
                  | ... wielding a +4 great sword
                  | (36 damage)
 14417 | Orc:1    | Demolished by an orc knight
                  | ... wielding a +4 great sword
                  | (33 damage)
 14418 | Orc:1    | HP: 3/66 [orc knight/+4 great sword (37)]
 14420 | Orc:1    | Annihilated by an orc knight
                  | ... wielding a +4 great sword
                  | (34 damage)
 14423 | Orc:1    | HP: 3/66 [/static electricity (1)]
 14423 | Orc:1    | Annihilated by an orc knight
                  | ... wielding a +4 great sword
                  | (44 damage)
 14425 | Orc:1    | Killed an orc knight
 14425 | Orc:1    | Slain by an orc knight
                  | ... wielding a +4 great sword
                  | (35 damage)
 14426 | Orc:1    | Lost dexterity.
 14430 | Orc:1    | Killed an orc knight
 14431 | Orc:1    | Reached skill level 12 in Air Magic
 14966 | Orc:1    | Found an ornate altar of the Wu Jian Council.
 14969 | Orc:1    | HP: 3/66 [orc warlord/+0 spectral great sword (17)]
 14969 | Orc:1    | Demolished by a +0 spectral great sword (24 damage)
                  | ... created by an orc warlord
 14970 | Orc:1    | Lost strength.
 14971 | Orc:1    | Slain by a +0 spectral great sword (13 damage)
                  | ... created by an orc warlord
                  | ... while paralysed
 14973 | Orc:1    | Demolished by an orc warlord
                  | ... wielding a +0 spectral great sword
                  | (27 damage)
                  | ... while paralysed
 14974 | Orc:1    | Slain by a +0 spectral great sword (12 damage)
                  | ... created by an orc warlord
 14975 | Orc:1    | Mangled by a +0 spectral great sword (17 damage)
                  | ... created by an orc warlord
 14976 | Orc:1    | Slain by an orc warlord
                  | ... wielding a +0 spectral great sword
                  | (32 damage)
 14977 | Orc:1    | Slain by an orc warlord
                  | ... wielding a +0 spectral great sword
                  | (20 damage)
 14978 | Orc:1    | HP: 1/66 [+0 spectral great sword[an orc warlord] (22)]
 14978 | Orc:1    | Mangled by an orc warlord
                  | ... wielding a +0 spectral great sword
                  | (8 damage)
 14979 | Orc:1    | Demolished by a +0 spectral great sword (23 damage)
                  | ... created by an orc warlord
 14980 | Orc:1    | Slain by a +0 spectral great sword (13 damage)
                  | ... created by an orc warlord
 14981 | Orc:1    | Slain by a +0 spectral great sword (1 damage)
                  | ... created by an orc warlord
 14981 | Orc:1    | Slain by a +0 spectral great sword (5 damage)
                  | ... created by an orc warlord
 14983 | Orc:1    | Mangled by an orc warlord
                  | ... wielding a +0 spectral great sword
                  | (17 damage)
 14984 | Orc:1    | Mangled by a +0 spectral great sword (12 damage)
                  | ... created by an orc warlord
 14985 | Orc:1    | HP: 1/66 [orc warlord/+0 spectral great sword (18)]
 14985 | Orc:1    | Slain by a +0 spectral great sword (4 damage)
                  | ... created by an orc warlord
 14986 | Orc:1    | Demolished by an orc warlord
                  | ... wielding a +0 spectral great sword
                  | (25 damage)
 14987 | Orc:1    | Slain by a +0 spectral great sword (18 damage)
                  | ... created by an orc warlord
 14987 | Orc:1    | Demolished by a +0 spectral great sword (20 damage)
                  | ... created by an orc warlord
 14988 | Orc:1    | Killed an orc warlord
 15028 | Orc:2    | Entered Level 2 of the Orcish Mines
 15144 | Orc:2    | HP: 1/66 [orc warrior/+0 short sword (3)]
 15145 | Orc:2    | Slain by an orc warrior
                  | ... wielding a +0 short sword
                  | (6 damage)
 15158 | Orc:2    | HP: 3/66 [orc warrior/+0 short sword (7)]
 15480 | Orc:2    | HP: 1/66 [orc/+0 hand axe (6)]
 15480 | Orc:2    | Mangled by an orc warrior
                  | ... wielding a +0 mace
                  | (13 damage)
 15733 | Orc:2    | Found a staircase to the Elven Halls.
 15745 | Orc:2    | HP: 3/66 [troll (13)]
 15745 | Orc:2    | Slain by a troll

Illustrated notes

Levels and vault maps discovered:
D:1:      dpeg_arrival_yet_another_circle, layout_basic
D:2:      layout_loops_ring, chequers_serial_rivers_micro_d
D:3:      layout_loops_ring, portal_sewer_entry_d
D:4:      layout_cave_pools, minmay_temple_entry_fiery,
          nicolae_ossuary_entry_giza
D:5:      layout_rooms, hangedman_abyss_or_decor_lesser_grid, uniq_duvessa,
          uniq_prince_ribbit1
D:6:      layout_cave_pods, mainiacjoe_overflow_six_doors_small,
          minmay_splitting_lines, uniq_blork_the_orc, uniq_edmund, uniq_pikel
D:7:      layout_loops_ring, uniq_maggie
D:8:      layout_cave_pools, nicolae_hepliaklqana_hazy_memory,
          serial_gnoll_camp, gnoll_camp_mini_hut, gnoll_camp_mini_loothouse,
          gnoll_camp_huts_moat, gnoll_camp_medium_01
D:9:      layout_loops_corners, nzn_wu_jian_contemplation,
          kennysheep_orc_monster_closet_entryway
D:10:     layout_long_grid, david_lair_generic, enter_trove_2, uniq_josephine,
          uniq_joseph, uniq_snorg
Temple:   nicolae_temple_bog_church
Orc:1:    dreamdust_wu_jian_sword_trials, layout_caves, basic_altar
Orc:2:    kennysheep_orc_mage_school, layout_diamond_mine, uniq_sonja, uniq_urug

Skill      XL: |  1  2  3  4  5  6  7  8  9 10 11 |
---------------+----------------------------------+-----
Stealth        | 2 3 4 5 7 |  7.8
Dodging        | 2 3 4 5 6 7 |  7.1
Conjurations   | 2 3 4 5 6 7 8 |  8.1
Air Magic      | 4 5 6 8 9 11 12 | 12.3
Spellcasting   | 3 4 5 6 7 |  7.2

Action                     |  1- 3 |  4- 6 |  7- 9 | 10-12 || total
---------------------------+-------+-------+-------+-------++-------
  Melee: Unarmed           |    89 |    13 |       |       ||   102
         Tailslap          |     8 |    18 |    24 |    32 ||    82
         Dagger            |       |   123 |   233 |   457 ||   813
         Punch             |       |       |     1 |     1 ||     2
   Cast: Shock             |    72 |   179 |   180 |   230 ||   661
         Static Discharge  |       |       |    15 |    86 ||   101
Ability: Breathe Steam     |       |       |     1 |     1 ||     2
    Use: Scroll            |     2 |    11 |     4 |     4 ||    21
   Stab: Sleeping          |       |     2 |       |       ||     2
         Confused          |       |       |     1 |       ||     1
 Armour: Skin              |    35 |    60 |   136 |   378 ||   609
  Dodge: Dodged            |    75 |   114 |   239 |   501 ||   929
         Repelled          |     1 |       |    10 |     5 ||    16

Table legend: (Time is in decaauts)
 A = Elapsed time spent in this place.
 B = Non-inter-level travel time spent in this place.
 C = Inter-level travel time spent in this place.
 D = Time resting spent in this place.
 E = Time spent auto-exploring this place.
 F = Levels seen in this place.
 G = Mean time per level.
                   A        B        C        D        E       F      G
               +--------+--------+--------+--------+--------+-----+--------+
         Total |  16500 |  16295 |    205 |   2893 |  10095 |  14 | 1178.6 |
       Dungeon |  11492 |  11303 |    189 |    646 |   8328 |  10 | 1149.2 |
        Temple |    218 |    218 |      0 |      0 |    157 |   1 |  218.0 |
  Orcish Mines |   3766 |   3751 |     15 |   2247 |    890 |   2 | 1883.0 |
       Ossuary |   1023 |   1023 |      0 |      0 |    720 |   1 | 1023.0 |
               +--------+--------+--------+--------+--------+-----+--------+

Top non-repeatable levels by time:
   Orc:1: 2697 daAuts
     D:9: 1903 daAuts
     D:8: 1571 daAuts
     D:6: 1502 daAuts
     D:7: 1434 daAuts
     D:1: 1305 daAuts
     D:2: 1076 daAuts
   Orc:2: 1069 daAuts
     D:3: 1033 daAuts
 Ossuary: 1023 daAuts
     D:5: 877 daAuts
     D:4: 787 daAuts
  Temple: 218 daAuts
    D:10: 1 daAuts
